TOP OF THE 1ST |
Colorado Rockies batting - Pitching for Seattle Mariners : LHP Joe Hincks
|
Pitching: LHP Joe Hincks
|
|
Batting: SHB Chris Blue
|
0-0: Fly out, F7 (Line Drive, 78M, EV 95.0 MPH)
|
Batting: SHB Jon Munoz
|
0-0: Called Strike 0-1: Ball 1-1: Bunt for hit to 5S - play at first, batter safe!
|
Batting: RHB Joel Haycock
|
0-0: Ball 1-0: Called Strike 1-1: SINGLE (Line Drive, 78S, EV 101.2 MPH) Jon Munoz to second
|
Batting: RHB Jason Andrews
|
0-0: Fly out, F3 (Popup, 3D, EV 51.9 MPH)
|
Batting: RHB Sterling Acosta
|
0-0: SINGLE (Groundball, 6D, EV 109.4 MPH) Jon Munoz to third Joel Haycock to second Runner from 3rd tries for Home, SAFE, throw by CF to home
|
Batting: SHB Eddie Quinones
|
0-0: Ground out 6-3 (Groundball, 6MS, EV 88.1 MPH)
|
Top of the 1st over - 1 run, 3 hits, 0 errors, 2 left on base; Colorado 1 - Seattle 0 |
BOTTOM OF THE 1ST |
Seattle Mariners batting - Pitching for Colorado Rockies : RHP Trey Price
|
Pitching: RHP Trey Price
|
|
Batting: LHB Dae-ik Yoon
|
0-0: Called Strike 0-1: Fly out, F7 (Flyball, 7, EV 96.9 MPH)
|
Batting: LHB Bi-jun Chien
|
0-0: Ball 1-0: Ground out 6-3 (Groundball, 6D, EV 85.0 MPH)
|
Batting: RHB Tony Vargas
|
0-0: Ball 1-0: SINGLE (Line Drive, 34, EV 106.2 MPH)
|
Batting: RHB Bobby Larson
|
0-0: Ball 1-0: Ball 2-0: Ball 3-0: Called Strike 3-1: Called Strike 3-2: Foul Ball, location: 2F 3-2: Foul Ball, location: 2F 3-2: Fly out, F7 (Flyball, 78S, EV 81.2 MPH)
|
Bottom of the 1st over - 0 runs, 1 hit, 0 errors, 1 left on base; Colorado 1 - Seattle 0 |
TOP OF THE 2ND |
Colorado Rockies batting - Pitching for Seattle Mariners : LHP Joe Hincks
|
Batting: RHB Chad Thompson
|
0-0: Ball 1-0: Bunt for hit to 15S - play at first, batter OUT! 1-3
|
Batting: LHB Fabiano Perrolas
|
0-0: Ground out 5-3 (Groundball, 56, EV 80.6 MPH)
|
Batting: LHB Robert Watson
|
0-0: SINGLE (Line Drive, 6MD, EV 105.0 MPH)
|
Batting: SHB Chris Blue
|
0-0: Called Strike 0-1: Ground out 4-3 (Groundball, 34, EV 98.1 MPH)
|
Top of the 2nd over - 0 runs, 1 hit, 0 errors, 1 left on base; Colorado 1 - Seattle 0 |
BOTTOM OF THE 2ND |
Seattle Mariners batting - Pitching for Colorado Rockies : RHP Trey Price
|
Batting: RHB Jose Vasquez
|
0-0: Called Strike 0-1: Ball 1-1: Ball 2-1: Ball 3-1: Ground out 6-3 (Groundball, P, EV 78.8 MPH)
|
Batting: RHB Harutomi Matsubara
|
0-0: SINGLE (Groundball, 6M, EV 80.6 MPH) (infield hit)
|
Batting: RHB Jimmy Hammertime
|
0-0: Called Strike Harutomi Matsubara is caught stealing 2nd base 2-4 0-1: Foul Ball, location: 2F 0-2: Ball 1-2: Ball 2-2: SINGLE (Groundball, 6D, EV 105.6 MPH)
|
Batting: RHB Corey Ottinger
|
0-0: Called Strike 0-1: Ball 1-1: Foul Ball, location: 2F 1-2: Foul Ball, location: 2F 1-2: Strikes out swinging
|
Bottom of the 2nd over - 0 runs, 2 hits, 0 errors, 1 left on base; Colorado 1 - Seattle 0 |
TOP OF THE 3RD |
Colorado Rockies batting - Pitching for Seattle Mariners : LHP Joe Hincks
|
Batting: SHB Jon Munoz
|
0-0: Ball 1-0: Ball 2-0: Foul Ball, location: 2F 2-1: Ground out U3 (Groundball, 34S, EV 84.4 MPH)
|
Batting: RHB Joel Haycock
|
0-0: Foul Ball, location: 2F 0-1: Fly out, F8 (Line Drive, 8RS, EV 107.5 MPH)
|
Batting: RHB Jason Andrews
|
0-0: Called Strike 0-1: Ball 1-1: Ground out 6-3 (Groundball, 6, EV 105.0 MPH)
|
Top of the 3rd over - 0 runs, 0 hits, 0 errors, 0 left on base; Colorado 1 - Seattle 0 |
BOTTOM OF THE 3RD |
Seattle Mariners batting - Pitching for Colorado Rockies : RHP Trey Price
|
Batting: LHB Jerrod Cluck
|
0-0: Foul Ball, location: 2F 0-1: Called Strike 0-2: Foul Ball, location: 2F 0-2: Ball 1-2: Strikes out swinging
|
Batting: LHB Dae-ik Yoon
|
0-0: Fly out, F7 (Line Drive, 7S, EV 88.1 MPH)
|
Batting: LHB Bi-jun Chien
|
0-0: Fly out, F8 (Flyball, 8RD, EV 103.8 MPH)
|
Bottom of the 3rd over - 0 runs, 0 hits, 0 errors, 0 left on base; Colorado 1 - Seattle 0 |
TOP OF THE 4TH |
Colorado Rockies batting - Pitching for Seattle Mariners : LHP Joe Hincks
|
Batting: RHB Sterling Acosta
|
0-0: Called Strike 0-1: Foul Ball, location: 2F 0-2: Ground out 6-3 (Groundball, 6MS, EV 73.8 MPH)
|
Batting: SHB Eddie Quinones
|
0-0: Ball 1-0: Ball 2-0: Ball 3-0: Called Strike 3-1: Base on Balls
|
Batting: RHB Chad Thompson
|
0-0: Called Strike Eddie Quinones is caught stealing 2nd base 2-4 0-1: Foul Ball, location: 2F 0-2: SINGLE (Line Drive, 34D, EV 99.4 MPH)
|
Batting: LHB Fabiano Perrolas
|
0-0: Fielders Choice at 2nd, 6-4 (Groundball, 56, EV 83.1 MPH)
|
Top of the 4th over - 0 runs, 1 hit, 0 errors, 1 left on base; Colorado 1 - Seattle 0 |
BOTTOM OF THE 4TH |
Seattle Mariners batting - Pitching for Colorado Rockies : RHP Trey Price
|
Batting: RHB Tony Vargas
|
0-0: Ball 1-0: Foul Ball, location: 2F 1-1: Foul Ball, location: 2F 1-2: Foul Ball, location: 2F 1-2: Foul Ball, location: 2F 1-2: Ball 2-2: Foul Ball, location: 2F 2-2: Ball 3-2: Base on Balls
|
Batting: RHB Bobby Larson
|
0-0: Called Strike 0-1: Fly out, F7 (Flyball, 7D, EV 100.0 MPH)
|
Batting: RHB Jose Vasquez
|
0-0: Ball 1-0: Swinging Strike 1-1: Called Strike 1-2: Foul Ball, location: 2F 1-2: Ball 2-2: Ball 3-2: SINGLE (Groundball, 56D, EV 113.1 MPH) Tony Vargas to second Tony Vargas to third
|
Batting: RHB Harutomi Matsubara
|
0-0: Grounds into double play, U6-3 (Groundball, 4MS, EV 81.2 MPH)
|
Bottom of the 4th over - 0 runs, 1 hit, 0 errors, 1 left on base; Colorado 1 - Seattle 0 |
TOP OF THE 5TH |
Colorado Rockies batting - Pitching for Seattle Mariners : LHP Joe Hincks
|
Batting: LHB Robert Watson
|
0-0: Called Strike 0-1: Ball 1-1: Ball 2-1: Called Strike 2-2: Foul Ball, location: 2F 2-2: Ball 3-2: Ground out 4-3 (Groundball, 4, EV 79.4 MPH)
|
Batting: SHB Chris Blue
|
0-0: Called Strike 0-1: SINGLE (Groundball, 56S, EV 75.6 MPH) (infield hit)
|
Batting: SHB Jon Munoz
|
0-0: Ball 1-0: Fly out, F8 (Line Drive, 8LD, EV 93.8 MPH)
|
Batting: RHB Joel Haycock
|
0-0: Ball 1-0: Ball Chris Blue steals 2nd base 2-0: Ball 3-0: Called Strike 3-1: Base on Balls
|
Batting: RHB Jason Andrews
|
0-0: Swinging Strike 0-1: Foul Ball, location: 2F 0-2: Foul Ball, location: 2F 0-2: Ball 1-2: Ground out 2-3 (Groundball, 15S, EV 60.0 MPH)
|
Top of the 5th over - 0 runs, 1 hit, 0 errors, 2 left on base; Colorado 1 - Seattle 0 |
BOTTOM OF THE 5TH |
Seattle Mariners batting - Pitching for Colorado Rockies : RHP Trey Price
|
Batting: RHB Jimmy Hammertime
|
0-0: Ball 1-0: Ball 2-0: Ball 3-0: Base on Balls
|
Batting: RHB Corey Ottinger
|
0-0: Sac Bunt to 25 - play at first, batter OUT! 5-3 Jimmy Hammertime to second
|
Batting: LHB Jerrod Cluck
|
0-0: Ball 1-0: Called Strike 1-1: Foul Ball, location: 2F 1-2: Strikes out swinging
|
Batting: LHB Dae-ik Yoon
|
0-0: Fly out, F5 (Line Drive, 5, EV 69.4 MPH)
|
Bottom of the 5th over - 0 runs, 0 hits, 0 errors, 1 left on base; Colorado 1 - Seattle 0 |
TOP OF THE 6TH |
Colorado Rockies batting - Pitching for Seattle Mariners : LHP Joe Hincks
|
Batting: RHB Sterling Acosta
|
0-0: Ball 1-0: Ball 2-0: Fly out, F8 (Line Drive, 89M, EV 96.2 MPH)
|
Batting: SHB Eddie Quinones
|
0-0: Ball 1-0: Called Strike 1-1: Fly out, F2 (Popup, 2LF, EV 89.4 MPH)
|
Batting: RHB Chad Thompson
|
0-0: Ball 1-0: Ball 2-0: SINGLE (Groundball, 6MD, EV 95.0 MPH)
|
Batting: LHB Fabiano Perrolas
|
0-0: 2-RUN HOME RUN (Flyball, 7LD, EV 96.2 MPH), Distance : 356 ft
|
Batting: LHB Robert Watson
|
0-0: Swinging Strike 0-1: Called Strike 0-2: Ball 1-2: Ground out 1-3 (Groundball, 13S, EV 77.5 MPH)
|
Top of the 6th over - 2 runs, 2 hits, 0 errors, 0 left on base; Colorado 3 - Seattle 0 |
BOTTOM OF THE 6TH |
Seattle Mariners batting - Pitching for Colorado Rockies : RHP Trey Price
|
Batting: LHB Bi-jun Chien
|
0-0: Ball 1-0: SINGLE (Groundball, 6D, EV 107.5 MPH)
|
Batting: RHB Tony Vargas
|
0-0: Ball 1-0: Ball 2-0: Ball 3-0: Called Strike 3-1: Base on Balls Bi-jun Chien to second
|
Batting: RHB Bobby Larson
|
0-0: Ball 1-0: Ball 2-0: Ball 3-0: Base on Balls Bi-jun Chien to third Tony Vargas to second
|
Batting: RHB Jose Vasquez
|
0-0: Ball 1-0: SINGLE (Groundball, 56, EV 110.0 MPH) Bi-jun Chien scores Tony Vargas to third Bobby Larson to second Runner from 3rd tries for Home, SAFE, throw by LF to home
|
Batting: RHB Harutomi Matsubara
|
0-0: Reached on error, E3 (Groundball, 34S, EV 78.1 MPH) Bobby Larson to third Jose Vasquez to second
|
Batting: RHB Jimmy Hammertime
|
0-0: Ball 1-0: Foul Ball, location: 2F 1-1: Swinging Strike 1-2: SINGLE (Line Drive, 4MD, EV 106.9 MPH) Bobby Larson scores Jose Vasquez to third Harutomi Matsubara to second Runner from 3rd tries for Home, throw by CF and OUT! 8-2
|
Batting: RHB Corey Ottinger
|
0-0: Ball 1-0: Ball 2-0: Called Strike 2-1: Grounds into double play, U6-3 (Groundball, 4MS, EV 82.5 MPH)
|
Bottom of the 6th over - 3 runs, 3 hits, 1 error, 1 left on base; Colorado 3 - Seattle 3 |
TOP OF THE 7TH |
Colorado Rockies batting - Pitching for Seattle Mariners : LHP Joe Hincks
|
Batting: SHB Chris Blue
|
0-0: Ball 1-0: Foul Ball, location: 2F 1-1: Foul Ball, location: 2F 1-2: Ball 2-2: Ball 3-2: Foul Ball, location: 2F 3-2: Foul Ball, location: 2F 3-2: Fly out, F8 (Flyball, 89XD, EV 106.9 MPH)
|
Pitching: RHP David Sly
|
|
Batting: SHB Jon Munoz
|
0-0: Ball 1-0: Called Strike 1-1: Ball 2-1: Ball 3-1: Ground out 4-3 (Groundball, 4D, EV 102.5 MPH)
|
Batting: RHB Joel Haycock
|
0-0: Ball 1-0: Called Strike 1-1: Ball 2-1: SINGLE (Groundball, 56D, EV 110.0 MPH)
|
Batting: RHB Jason Andrews
|
0-0: Ball 1-0: Ball 2-0: Foul Ball, location: 2F 2-1: Ball 3-1: Fly out, F9 (Flyball, 9D, EV 75.6 MPH)
|
Top of the 7th over - 0 runs, 1 hit, 0 errors, 1 left on base; Colorado 3 - Seattle 3 |
BOTTOM OF THE 7TH |
Seattle Mariners batting - Pitching for Colorado Rockies : RHP Trey Price
|
Batting: LHB Jerrod Cluck
|
0-0: Called Strike 0-1: Foul Ball, location: 2F 0-2: Strikes out looking
|
Batting: LHB Dae-ik Yoon
|
0-0: Ball 1-0: Ball 2-0: Ball 3-0: Called Strike 3-1: Base on Balls
|
Batting: LHB Bi-jun Chien
|
0-0: SINGLE (Groundball, 56, EV 84.4 MPH) (infield hit) Dae-ik Yoon to second
|
Batting: RHB Tony Vargas
|
0-0: Called Strike 0-1: Ball 1-1: Grounds into double play, 4-6-3 (Groundball, 34, EV 103.1 MPH)
|
Bottom of the 7th over - 0 runs, 1 hit, 0 errors, 1 left on base; Colorado 3 - Seattle 3 |
TOP OF THE 8TH |
Colorado Rockies batting - Pitching for Seattle Mariners : RHP David Sly
|
Batting: RHB Sterling Acosta
|
0-0: Ball 1-0: Ball 2-0: Fly out, F8 (Line Drive, 8LD, EV 85.0 MPH)
|
Batting: SHB Eddie Quinones
|
0-0: Ground out 6-3 (Groundball, 6D, EV 101.2 MPH)
|
Batting: RHB Chad Thompson
|
0-0: Ball 1-0: Foul Ball, location: 2F 1-1: Foul Ball, location: 2F 1-2: Strikes out looking
|
Top of the 8th over - 0 runs, 0 hits, 0 errors, 0 left on base; Colorado 3 - Seattle 3 |
BOTTOM OF THE 8TH |
Seattle Mariners batting - Pitching for Colorado Rockies : RHP Trey Price
|
Batting: RHB Bobby Larson
|
0-0: Called Strike 0-1: Ball 1-1: Ground out 6-3 (Groundball, 6S, EV 63.8 MPH)
|
Batting: RHB Jose Vasquez
|
0-0: Ball 1-0: Called Strike 1-1: Ball 2-1: Called Strike 2-2: Ball 3-2: Foul Ball, location: 2F 3-2: Base on Balls
|
Pitching: RHP Tony Campos
|
|
Batting: RHB Harutomi Matsubara
|
0-0: Grounds into double play, 4-6-3 (Groundball, 34S, EV 91.2 MPH)
|
Bottom of the 8th over - 0 runs, 0 hits, 0 errors, 0 left on base; Colorado 3 - Seattle 3 |
TOP OF THE 9TH |
Colorado Rockies batting - Pitching for Seattle Mariners : RHP David Sly
|
Pitching: LHP Lance Crumpton
|
|
Pinch Hitting: RHB Leo Mair
|
0-0: Ball 1-0: Ball 2-0: Ball 3-0: Called Strike 3-1: Called Strike 3-2: Fly out, F8 (Flyball, 8RXD, EV 81.9 MPH)
|
Pinch Hitting: SHB Bobby Santor
|
0-0: Called Strike 0-1: Ball 1-1: Ball 2-1: Ground out 5-3 (Groundball, 56, EV 89.4 MPH)
|
Batting: SHB Chris Blue
|
0-0: Ground out 6-3 (Groundball, 6, EV 80.0 MPH)
|
Top of the 9th over - 0 runs, 0 hits, 0 errors, 0 left on base; Colorado 3 - Seattle 3 |
BOTTOM OF THE 9TH |
Seattle Mariners batting - Pitching for Colorado Rockies : RHP Tony Campos
|
Pitching: LHP Bill Ogren
|
|
Now at C: Joel Haycock
|
|
Now at 1B: Bobby Santor
|
|
Now at 2B: Leo Mair
|
|
Now in RF: Sterling Acosta
|
|
Batting: RHB Jimmy Hammertime
|
0-0: Called Strike 0-1: Ground out 6-3 (Groundball, 6S, EV 69.4 MPH)
|
Batting: RHB Corey Ottinger
|
0-0: Swinging Strike 0-1: Ball 1-1: Ball 2-1: Called Strike 2-2: SINGLE (Groundball, 6MD, EV 94.4 MPH)
|
Batting: LHB Jerrod Cluck
|
0-0: Ball 1-0: Foul Ball, location: 2F 1-1: SINGLE (Groundball, 6M, EV 85.0 MPH) (infield hit) Corey Ottinger to second
|
Batting: LHB Dae-ik Yoon
|
0-0: Ball 1-0: Swinging Strike 1-1: Ball 2-1: Swinging Strike 2-2: Strikes out swinging
|
Batting: LHB Bi-jun Chien
|
0-0: Foul Ball, location: 2F 0-1: Ball 1-1: Ball 2-1: Ball 3-1: Base on Balls Corey Ottinger to third Jerrod Cluck to second
|
Batting: RHB Tony Vargas
|
0-0: Ball 1-0: SINGLE (Line Drive, 89S, EV 111.2 MPH) Corey Ottinger scores
|
Bottom of the 9th over - 1 run, 3 hits, 0 errors, 2 left on base; Colorado 3 - Seattle 4 |
|